 Dungeon Crawl Stone Soup version 0.20.0-15-g7f486f2 (webtiles) character file.

81 Droogh the Conjurer (level 4, 0/24 HPs)
             Began as a Deep Elf Conjurer on June 10, 2017.
             Slain by nezrel's ghost (1 damage)
             ... on level 3 of the Dungeon on June 16, 2017.
             The game lasted 00:27:24 (3093 turns).

Droogh the Conjurer (Deep Elf Conjurer)             Turns: 3093, Time: 00:27:25

Health: 0/24       AC:  2    Str:  2 (5)  XL:     4   Next: 19%
Magic:  5/10       EV: 13    Int: 19 (21) God:
Gold:   65         SH:  0    Dex: 15      Spells: 6/9 levels left

rFire    + . .     SeeInvis .   l - +1 short sword
rCold    . . .     Gourm    .   (no shield)
rNeg     . . .     Faith    .   j - +0 robe
rPois    .         Spirit   .   (no helmet)
rElec    .         Reflect  .   (no cloak)
rCorr    .         Harm     .   (no gloves)
MR       +....                  (no boots)
Stlth    ++........             (no amulet)
Regen    0.1/turn               (no ring)
MPRegen  0.2/turn               (no ring)

@: no status effects
A: blurry vision 1, fire resistance 1, low mp 1, magic resistance 1
a: no special abilities


You were on level 3 of the Dungeon.
You were not hungry.

You visited 1 branch of the dungeon, and saw 3 of its levels.

You collected 65 gold pieces.

Inventory:

Hand Weapons
 l - a +1 short sword (weapon)
Armour
 j - a +0 robe (worn)
Jewellery
 e - a cursed amulet of inaccuracy {unknown}
 g - a +4 ring of evasion {unknown}
Wands
 h - a wand of flame (14/48)
Potions
 a - a potion of mutation
 f - a potion of curing {unknown}
Books
 b - a book of Conjurations

   Spells                             Type                      Level
   a - Magic Dart                     Conjuration                  1
   b - Searing Ray                    Conjuration                  2
   c - Dazzling Spray                 Conjuration/Hexes            3
   d - Fulminant Prism                Conjuration/Hexes            4
   e - Force Lance                    Conjuration/Translocation    4
   f - Iskenderun's Mystic Blast      Conjuration                  4
Comestibles
 c - 2 bread rations
 d - 2 royal jellies
 i - a meat ration
 m - a fruit


   Skills:
 + Level 2.8 Dodging
 + Level 2.7 Stealth
 + Level 3.4 Spellcasting
 + Level 5.9 Conjurations


You had 6 spell levels left.
You knew the following spells:

 Your Spells              Type           Power        Failure   Level  Hunger
a - Magic Dart            Conj           ####         1%          1    None
b - Searing Ray           Conj           ####..       1%          2    ##.....


Dungeon Overview and Level Annotations

Branches:
Dungeon (3/15)

Altars:
Ashenzari
Uskayaw

Annotations:
D:3 nezrel's ghost, amateur MiFi


Innate Abilities, Weirdness & Mutations

Scrolls take you a little longer to read.
Your flesh is heat resistant. (rF+)
Your magical capacity is low. (-10% MP)
You are resistant to hostile enchantments. (MR+)


Message History

Aiming: Searing Ray
Press: ? - help, Shift-Dir - straight line, f/p - nezrel's ghost
Aim: nezrel's ghost (lightly damaged)
The searing ray hits nezrel's ghost.
Nezrel's ghost is lightly damaged. (Press . to maintain the ray.) Nezrel's ghost hits you.
The searing ray hits nezrel's ghost.
Nezrel's ghost is moderately damaged.
Nezrel's ghost hits you.
The searing ray hits nezrel's ghost.
Nezrel's ghost is moderately damaged.
Nezrel's ghost hits you.
The searing ray hits nezrel's ghost.
Nezrel's ghost is heavily damaged.
You finish channeling your searing ray.
Nezrel's ghost hits you!
Ouch! That really hurt!
* * * LOW HITPOINT WARNING * * *
Nezrel's ghost hits you.
You die...

#.# #.#.#.# #.# #.#.#.#
#.# #.#.#.# #.# #.#.#.#
#.# #W#.#.# #.#
#.#.#.#### #.#
#.........
#.###############.#.####
#......@W.........#.#.<.
###################.####
#....† ######


You could see nezrel's ghost.

Vanquished Creatures
  Jessica (D:2)
  2 worms (D:2)
  A dart slug (D:1)
  2 leopard geckos
  9 bats
  5 giant cockroaches (D:2)
  2 goblins
  7 hobgoblins
  A quokka (D:2)
  A ball python (D:2)
  A frilled lizard (D:1)
  7 kobolds
  3 rats
42 creatures vanquished.

Notes
Turn   | Place    | Note
-------+----------+-------------------------------------------
     0 | D:1      | Droogh the Deep Elf Conjurer began the quest for the Orb.
     0 | D:1      | Reached XP level 1. HP: 10/10 MP: 6/6
   325 | D:1      | Reached XP level 2. HP: 15/15 MP: 6/8
   329 | D:1      | Learned a level 2 spell: Searing Ray
   332 | D:1      | Found a shattered altar of Ashenzari.
   578 | D:1      | Reached skill level 5 in Conjurations
  1657 | D:2      | Noticed Jessica
  1662 | D:2      | Killed Jessica
  1662 | D:2      | Reached XP level 3. HP: 10/19 MP: 6/9
  2333 | D:2      | Reached XP level 4. HP: 24/24 MP: 0/11
  2369 | D:2      | Noticed a hand axe
  2370 | D:2      | Noticed a hand axe
  2372 | D:2      | Found a hide-covered altar of Uskayaw.
  2873 | D:2      | Gained mutation: Your flesh is heat resistant. (rF+) [potion of mutation]
  2873 | D:2      | Gained mutation: Scrolls take you a little longer to read. [potion of mutation]
  2873 | D:2      | Gained mutation: Your magical capacity is low. (-10% MP) [potion of mutation]
  2873 | D:2      | Gained mutation: You are resistant to hostile enchantments. (MR+) [potion of mutation]
  3069 | D:3      | Noticed nezrel's ghost (amateur MiFi)
  3092 | D:3      | HP: 1/24 [nezrel's ghost (14)]
  3093 | D:3      | Slain by nezrel's ghost

Skill      XL: |  1  2 |
---------------+-------+-----
Conjurations   | 5 |  5.9
Dodging        | |  2.8
Stealth        | |  2.7
Spellcasting   | |  3.4

Action                   |  1- 3 |  4- 6 || total
-------------------------+-------+-------++-------
Melee: Dagger            |     5 |       ||     5
 Cast: Magic Dart        |    42 |    14 ||    56
       Searing Ray       |    10 |     5 ||    15
Evoke: Wand              |       |     1 ||     1
  Use: Potion            |     1 |     1 ||     2
       Scroll            |       |     2 ||     2
  Eat: Bread ration      |     1 |     1 ||     2
Armor: Robe              |     3 |     1 ||     4
Dodge: Dodged            |     4 |     3 ||     7
